 Dungeon Crawl Stone Soup version 0.22.0-40-g68aacdc (webtiles) character file.

59559 digijack the Peltast (level 14, -5/132 HPs)
             Began as a Minotaur Fighter on Aug 30, 2018.
             Was the Champion of Okawaru.
             Killed from afar by a necromancer (20 damage)
             ... with a bolt of fire
             ... on level 15 of the Dungeon on Sept 1, 2018.
             The game lasted 02:22:41 (17602 turns).

digijack the Peltast (Minotaur Fighter)            Turns: 17602, Time: 02:22:42

Health: -5/132     AC: 22    Str: 21    XL:     14   Next: 53%
Magic:  13/13      EV: 17    Int:  7    God:    Okawaru [******]
Gold:   1002       SH: 18    Dex: 19    Spells: 13/13 levels left

rFire    . . .     SeeInvis .   a - +6 falchion of the Median {elec, Int+2 Dex+4}
rCold    + . .     Gourm    .   c - +0 shield
rNeg     . . .     Faith    .   S - +2 plate armour {rC+}
rPois    .         Spirit   .   (helmet restricted)
rElec    .         Reflect  +   (no cloak)
rCorr    .         Harm     .   l - +1 pair of gloves
MR       +....                  p - +0 pair of boots
Stlth    ..........             j - +3 amulet of reflection
HPRegen  0.32/turn              o - ring of protection from magic
MPRegen  0.13/turn              q - +5 ring of evasion

@: vulnerable, hasted, very quick
A: retaliatory headbutt, horns 2
a: Heroism, Finesse, Renounce Religion


You were on level 15 of the Dungeon.
You worshipped Okawaru.
Okawaru was exalted by your worship.
You were not hungry.

You visited 2 branches of the dungeon, and saw 16 of its levels.
You also visited: Labyrinth and Bailey.

You collected 1002 gold pieces.

Inventory:

Hand Weapons
 a - the +6 falchion of the Median (weapon) {elec, Int+2 Dex+4}
   (Okawaru gifted it to you on level 12 of the Dungeon)

   Occasionally, upon striking a foe, it will discharge some electrical energy
   and cause terrible harm.
   It affects your intelligence (+2).
   It affects your dexterity (+4).
 T - a +2 hand crossbow of freezing
Missiles
 d - 12 javelins
 e - 365 stones
 t - 18 tomahawks
 D - 65 tomahawks of returning
 G - 2 javelins of returning (quivered)
Armour
 c - a +0 shield (worn)
 l - a +1 pair of gloves (worn)
 p - a +0 pair of boots (worn)
 r - +0 fire dragon scales
 A - a +1 ring mail of poison resistance
 I - a +0 large shield
 S - a +2 plate armour of cold resistance (worn)
Jewellery
 j - a +3 amulet of reflection (around neck)
 o - a ring of protection from magic (left hand)
 q - a +5 ring of evasion (right hand)
 B - an uncursed ring of protection from cold
 E - a +5 ring of dexterity
 M - an uncursed ring of resist corrosion
 P - an uncursed amulet of the gourmand {unknown}
Wands
 b - a wand of iceblast (16)
 g - a wand of flame (76)
 h - a wand of disintegration (37)
 w - a wand of polymorph (11)
 C - a wand of random effects (30)
 J - a wand of paralysis (11)
 L - a wand of scattershot (5)
 V - a wand of enslavement (14)
Scrolls
 m - 2 scrolls of teleportation
 s - a scroll of holy word
 u - 3 scrolls of amnesia
 v - 6 scrolls of remove curse
 y - a scroll of identify
 K - a scroll of silence
 N - 3 scrolls of magic mapping
 Q - 2 scrolls of enchant weapon
Potions
 i - 2 potions of brilliance
 k - a potion of agility
 n - 2 potions of haste
 x - a potion of resistance
 z - 7 potions of magic
 F - a potion of berserk rage
Miscellaneous
 H - a box of beasts
 O - a fan of gales (inert)
Comestibles
 f - 22 rations
 U - 8 chunks of flesh


   Skills:
 + Level 14.0 Fighting
 + Level 14.5 Long Blades
 + Level 13.9 Armour
 + Level 7.8 Dodging
 + Level 15.6 Shields


You had 13 spell levels left.
You didn't know any spells.
Your spell library contained the following spells:

 Spells                   Type           Power        Failure   Level  Hunger
 Beastly Appendage        Tmut           #.....       99%         1    ##.....
 Flame Tongue             Conj/Fire      #....        99%         1    ##.....
 Freeze                   Ice            #...         99%         1    ##.....
 Summon Small Mammal      Summ           #...         99%         1    ##.....
 Blink                    Tloc           N/A          100%        2    ###....
 Call Imp                 Summ           #.......     100%        2    ###....
 Shroud of Golubria       Chrm/Tloc      #.........   100%        2    ###....
 Sticks to Snakes         Tmut           #.......     100%        2    ###....
 Throw Flame              Conj/Fire      #.....       100%        2    ###....
 Throw Frost              Conj/Ice       #.....       100%        2    ###....
 Call Canine Familiar     Summ           #.......     100%        3    ####...
 Conjure Flame            Conj/Fire      #.......     100%        3    ####...
 Gell's Gravitas          Tloc           #.........   100%        3    ####...
 Inner Flame              Hex/Fire       #.......     100%        3    ####...
 Lesser Beckoning         Tloc           #.........   100%        3    ####...
 Ozocubu's Armour         Chrm/Ice       #.......     100%        3    ####...
 Spider Form              Tmut/Pois      #.........   100%        3    ####...
 Summon Guardian Golem    Hex/Summ       #.......     100%        3    ####...
 Teleport Other           Tloc           #.......     100%        3    ####...
 Cause Fear               Hex            #.........   100%        4    #####..
 Ice Form                 Ice/Tmut       #.......     100%        4    #####..
 Passage of Golubria      Tloc           N/A          100%        4    #####..
 Sticky Flame             Conj/Fire      #.......     100%        4    #####..
 Summon Ice Beast         Ice/Summ       #.......     100%        4    #####..
 Summon Lightning Spire   Summ/Air       #.......     100%        4    #####..
 Throw Icicle             Conj/Ice       #.......     100%        4    #####..
 Blade Hands              Tmut           #.........   100%        5    ######.
 Fireball                 Conj/Fire      #.........   100%        5    ######.
 Silence                  Hex/Air        #.........   100%        5    ######.
 Yara's Violent Unravell  Hex/Tmut       #.........   100%        5    ######.
 Deflect Missiles         Chrm/Air       #.........   100%        6    #######
 Discord                  Hex            #.........   100%        8    #######


Dungeon Overview and Level Annotations

Branches:
Dungeon (15/15)            Temple (1/1) D:4            Lair (0/6) D:8
    Orc (0/2) D:9          Vaults (0/5) D:14
 Depths: D:15

Altars:
Ashenzari
Cheibriados
Dithmenos
Elyvilon
Fedhas
Gozag
Hepliaklqana
Kikubaaqudgha
Makhleb
Nemelex Xobeh
Okawaru
Qazlal
Ru
Sif Muna
Trog
Uskayaw
Vehumet
Wu Jian
Xom
Yredelemnul
Zin
The Shining One
Beogh

Shops:
D:5 !   D:12 *

Annotations:
D:9 3 runed doors, poirepourri's ghost, novice DDFi


Innate Abilities, Weirdness & Mutations

You reflexively headbutt those who attack you in melee.
You have a pair of horns on your head.


Message History

There is something else lying underneath.
A stone staircase leading up, spattered with blood.
The phantasmal warrior blinks!
A necromancer comes into view. It is wielding a dagger.
The phantasmal warrior hits you!!
* * * LOW HITPOINT WARNING * * *
Your magical defenses are stripped away!
The phantasmal warrior blinks!
Okay, then.
You feel better.
The phantasmal warrior blinks!
You feel yourself speed up.
The phantasmal warrior blinks!
The necromancer casts a spell.
The necromancer binds the souls of nearby monsters.
The phantasmal warrior blinks!
You see here an arrow.
A spriggan berserker zombie comes into view.
The necromancer points at you and mumbles some strange words.
The bolt of fire hits you!
You die...

.#.#.........#.##.......
#.#.#.........#........((
.##.)..........§###......((
Zo........(...........)[(#.
......................)<.(.
..o...................†(...
......#........§...........
..o.........W........#.....
.......((.@(..p......#.....
##......(.(#####.....#.....
....#.#.(..# #..8......#..
###.....#### #....P........
..(..Z. ..8.P.......... ..
...(.(..# .#.......8.8...
###. ........#
#............. ....
.........[ ... ....#####


You could see a phantasmal warrior, a necromancer and a spriggan berserker
zombie.

Vanquished Creatures
  Frances (D:12)
  Azrael (D:12)
  A minotaur (Lab)
  Snorg (D:12)
  Josephine (D:15)
  Erolcha (D:12)
  The ghost of Lew the Peltast, a journeyman MiFi of Okawaru (D:13)
  2 hydras
  7 vault guards (D:14)
  2 centaur warriors
  A death knight (D:14)
  A two-headed ogre (D:9)
  A tengu warrior (D:13)
  10 skeletal warriors
  The ghost of Friendofdean the Black Sun, a novice DsNe of Kikubaaqudgha (D:8)
  2 unseen horrors (D:13)
  2 orc knights
  A phantasmal warrior (D:14)
  A deep elf mage (D:15)
  A manticore (D:13)
  3 cyclopes
  A salamander (shapeshifter) (D:15)
  4 ugly things
  A kobold demonologist (D:13)
  A freezing wraith (D:14)
  A tengu conjurer (D:15)
  6 trolls
  5 slime creatures
  A hornet (D:13)
  A hippogriff (shapeshifter) (D:14)
  3 hippogriffs
  A fire dragon skeleton (D:15)
  A shadow (D:6)
  9 wraiths
  A centaur simulacrum (D:15)
  A yak (shapeshifter) (D:14)
  4 wyverns
  9 yaks
  4 fire elementals (D:12)
  2 steam dragons
  2 hungry ghosts (D:8)
  4 basilisks
  A soldier ant (D:13)
  A warg (D:13)
  Duvessa (D:7)
  A water moccasin (D:8)
  2 hell hounds (D:12)
  10 orc warriors
  An eye of draining (D:13)
  4 ice beasts
  6 sky beasts
  3 black bears
  2 phantoms
  13 centaurs
  5 ogres
  A crocodile (D:8)
  4 big kobolds
  15 bullfrogs
  An elf skeleton (D:15)
  3 scorpions
  Dowan (D:7)
  10 killer bees
  15 wights
  3 howler monkeys
  3 crimson imps
  3 bullfrog zombies
  3 centaur zombies
  3 human zombies (D:15)
  3 hounds
  8 jellies
  3 bullfrog skeletons
  14 orc priests
  17 orc wizards
  6 centaur skeletons
  10 iguanas
  4 worker ants
  A killer bee zombie (D:7)
  An ogre zombie (D:15)
  A hound skeleton (D:11)
  2 mummies (D:15)
  A worker ant zombie (D:7)
  12 adders
  A howler monkey skeleton (D:10)
  19 gnolls
  6 shadow imps
  An ooze (D:4)
  2 adder skeletons
  4 worms
  3 dart slugs
  6 leopard geckos
  66 orcs
  5 giant cockroaches
  15 hobgoblins
  10 jackals
  29 kobolds
  8 quokkas
  3 ball pythons
  9 bats
  2 frilled lizards
  14 goblins
  A leopard gecko skeleton (D:5)
  8 rats
514 creatures vanquished.

Vanquished Creatures (collateral kills)
  An orc knight (D:14)
1 creature vanquished.

Vanquished Creatures (others)
  A centaur warrior (D:15)
  A deep elf archer (D:14)
  4 centaurs
  2 hobgoblins (Bailey)
  2 kobolds
  A fungus (D:9)
  3 plants (D:9)
  A withered plant (D:15)
15 creatures vanquished.

Grand Total: 530 creatures vanquished

Notes
Turn   | Place    | Note
-------+----------+-------------------------------------------
     0 | D:1      | digijack the Minotaur Fighter began the quest for the Orb.
     0 | D:1      | Reached XP level 1. HP: 19/19 MP: 0/0
   171 | D:1      | Reached XP level 2. HP: 25/27 MP: 1/1
   284 | D:1      | Reached skill level 4 in Shields
   463 | D:1      | Reached XP level 3. HP: 33/33 MP: 2/2
   723 | D:2      | Reached XP level 4. HP: 36/40 MP: 3/3
   789 | D:2      | Found a shattered altar of Ashenzari.
  1134 | D:2      | Found a faded altar of an unknown god.
  1211 | D:2      | Found a glowing silver altar of Zin.
  1228 | D:2      | Reached XP level 5. HP: 46/47 MP: 4/4
  1796 | D:3      | Reached skill level 5 in Shields
  1801 | D:3      | Reached skill level 5 in Fighting
  2044 | D:4      | Found a staircase to the Ecumenical Temple.
  2059 | D:4      | Reached skill level 5 in Armour
  2069 | Temple   | Entered the Ecumenical Temple
  2098 | Temple   | Became a worshipper of Warmaster Okawaru
  2268 | D:4      | Reached XP level 6. HP: 56/56 MP: 5/5
  3214 | D:5      | Entered Level 5 of the Dungeon
  3214 | D:5      | Noticed an ice beast
  3277 | D:5      | Found Animinti's Distillery.
  3319 | D:5      | Reached * piety under Okawaru
  3319 | D:5      | Reached skill level 5 in Long Blades
  3319 | D:5      | Reached XP level 7. HP: 54/62 MP: 6/6
  3338 | D:5      | Reached skill level 6 in Shields
  3691 | D:5      | Reached XP level 8. HP: 51/71 MP: 7/7
  3924 | D:5      | Reached ** piety under Okawaru
  3955 | D:5      | Reached skill level 7 in Shields
  4701 | D:6      | Reached *** piety under Okawaru
  4762 | D:6      | Reached skill level 8 in Shields
  4762 | D:6      | Reached XP level 9. HP: 80/81 MP: 8/8
  5032 | D:6      | Found a sparkling altar of Nemelex Xobeh.
  5236 | D:7      | Upgraded the game from 0.22.0-38-g04b72b8 to 0.22.0-40-g68aacdc
  5244 | D:7      | Reached **** piety under Okawaru
  5264 | D:7      | Found a glowing silver altar of Zin.
  5306 | D:7      | Noticed Dowan
  5318 | D:7      | Killed Dowan
  5383 | D:7      | Noticed Duvessa
  5396 | D:7      | Killed Duvessa
  5468 | D:7      | Reached skill level 9 in Shields
  5882 | D:8      | Reached XP level 10. HP: 84/91 MP: 9/9
  6013 | D:8      | Reached ***** piety under Okawaru
  6359 | D:8      | Found a runed door.
  6364 | D:8      | Noticed Friendofdean's ghost (novice DsNe)
  6520 | D:8      | Killed Friendofdean's ghost
  6520 | D:8      | Reached skill level 10 in Shields
  6619 | D:8      | Reached skill level 10 in Fighting
  6712 | D:8      | Reached skill level 10 in Armour
  6846 | D:8      | Found a staircase to the Lair.
  7007 | D:9      | Found a runed gate.
  7008 | D:9      | Noticed poirepourri's ghost (novice DDFi)
  7009 | D:9      | Found a runed gate.
  7009 | D:9      | Found a runed gate.
  7029 | D:9      | Found a stormy altar of Qazlal.
  7234 | D:9      | Found a sacrificial altar of Ru.
  7289 | D:9      | Found a staircase to the Orcish Mines.
  7315 | D:9      | Noticed a two-headed ogre
  7325 | D:9      | Killed a two-headed ogre
  7325 | D:9      | Received a gift from Okawaru
  7325 | D:9      | Reached skill level 10 in Long Blades
  7325 | D:9      | Reached skill level 11 in Shields
  7730 | D:9      | Found an ornate altar of the Wu Jian Council.
  7833 | D:10     | Entered Level 10 of the Dungeon
  7839 | D:10     | Found a flagged portal.
  7855 | Bailey   | Entered a bailey
  7956 | Bailey   | Noticed an orc knight
  8052 | Bailey   | Killed an orc knight
  8052 | Bailey   | Reached XP level 11. HP: 54/101 MP: 10/10
  8602 | D:10     | Found a hazy altar of Hepliaklqana.
  8926 | D:11     | Reached ****** piety under Okawaru
  9204 | D:11     | Reached skill level 12 in Shields
  9591 | D:12     | Noticed Azrael
  9604 | D:12     | Noticed Snorg
  9621 | D:12     | Killed Snorg
  9923 | D:12     | Reached skill level 14 in Shields
  9923 | D:12     | Reached XP level 12. HP: 110/110 MP: 11/11
 10008 | D:12     | Found an opulent altar of Gozag.
 10057 | D:12     | Killed Azrael
 10057 | D:12     | Received a gift from Okawaru
 10290 | D:12     | Identified the +6 falchion of the Median {elec, Int+2 Dex+4} (Okawaru gifted it to you on level 12 of the Dungeon)
 10358 | D:12     | Found Gozag's Platinum Reserve.
 10412 | D:12     | Noticed a five-headed hydra
 10434 | D:12     | Killed a nine-headed hydra
 11015 | D:12     | Noticed Frances
 11062 | D:13     | Reached skill level 15 in Shields
 11114 | D:13     | Reached skill level 1 in Dodging
 11197 | D:13     | Reached XP level 13. HP: 79/117 MP: 12/12
 11511 | D:13     | Received a gift from Okawaru
 11514 | D:13     | Got a fine arbalest {god gift}
 11520 | D:13     | Identified the +4 arbalest "Zyobaar" {velocity, MR+++ Int+2 SInv Stlth-} (Okawaru gifted it to you on level 13 of the Dungeon)
 11563 | D:13     | Found a runed gate.
 11634 | D:13     | Found a runed gate.
 11634 | D:13     | Noticed Lew's ghost (journeyman MiFi)
 11635 | D:13     | Found a runed gate.
 11645 | D:13     | Found a roughly hewn altar of Beogh.
 12512 | D:13     | Killed Lew's ghost
 12986 | D:12     | Noticed Erolcha
 12995 | D:12     | Killed Erolcha
 13158 | D:12     | Got a dull robe
 13169 | D:12     | Identified the +1 robe "Xaxef" {Str+4} (You found it on level 12 of the Dungeon)
 13268 | D:12     | Killed Frances
 13268 | D:12     | Reached skill level 5 in Dodging
 13717 | D:14     | Received a gift from Okawaru
 13773 | D:14     | HP: 5/119 [skeletal warrior/trident[a skeletal warrior] (13)]
 13927 | D:14     | Found a gate to the Vaults.
 13935 | D:14     | Received a gift from Okawaru
 14065 | D:14     | HP: 5/119 [vault guard/long sword (12)]
 14732 | D:14     | Reached XP level 14. HP: 96/129 MP: 13/13
 14889 | D:14     | Received a gift from Okawaru
 15831 | D:15     | Entered Level 15 of the Dungeon
 15889 | D:15     | Found a basalt altar of Yredelemnul.
 16100 | D:15     | Found a labyrinth entrance.
 16106 | Lab      | Entered a labyrinth
 16397 | Lab      | Found an exit through the horrors of the Abyss.
 17034 | D:15     | Noticed Josephine
 17062 | D:15     | Killed Josephine
 17107 | D:14     | Received a gift from Okawaru
 17592 | D:15     | HP: 2/132 [phantasmal warrior (27)]
 17602 | D:15     | Killed from afar by a necromancer

Skill      XL: |  1  2  3  4  5  6  7  8  9 10 11 12 13 14 |
---------------+-------------------------------------------+-----
Shields        | 4 5 6 8 9 11 14 15 | 15.6
Fighting       | 4 5 6 8 9 10 11 13 14 | 14.0
Armour         | 4 5 6 7 9 10 11 13 | 13.9
Long Blades    | 3 4 5 7 9 10 12 14 | 14.5
Dodging        | 1 6 7 |  7.8

Action                   |  1- 3 |  4- 6 |  7- 9 | 10-12 | 13-15 || total
-------------------------+-------+-------+-------+-------+-------++-------
Melee: Long sword        |   102 |   154 |   381 |   507 |       ||  1144
       Headbutt          |    13 |    34 |    89 |   140 |   230 ||   506
       Great sword       |       |       |       |     3 |       ||     3
       Falchion          |       |       |       |   102 |   610 ||   712
Throw: Javelin           |       |       |       |     3 |     2 ||     5
       Stone             |       |       |       |       |     1 ||     1
       Tomahawk          |       |       |       |       |     1 ||     1
Invok: Heroism           |       |       |       |     1 |       ||     1
       Finesse           |       |       |       |     1 |       ||     1
Evoke: Wand              |       |       |       |     2 |       ||     2
       Fan of gales      |       |       |       |     1 |     1 ||     2
       Box of beasts     |       |       |       |     1 |       ||     1
  Use: Potion            |     3 |     3 |     4 |    13 |     6 ||    29
       Scroll            |     4 |     5 |     2 |     6 |    12 ||    29
  Eat: Chunk             |       |     6 |     7 |    22 |    11 ||    46
       Ration            |       |       |     1 |       |     3 ||     4
Armor: Scale mail        |    54 |    24 |       |       |       ||    78
       Chain mail        |       |    14 |       |       |       ||    14
       Fire dragon scale |       |    20 |   108 |   169 |    88 ||   385
       Plate armour      |       |       |       |       |    95 ||    95
Dodge: Dodged            |    35 |    38 |   119 |   225 |   339 ||   756
Block: Shield            |    64 |    98 |   284 |   516 |   540 ||  1502
       Reflection        |     1 |     3 |    10 |    34 |    44 ||    92
       Rpst.: Long sword |     9 |    13 |    24 |    35 |       ||    81
       Falchion          |       |       |       |     5 |    79 ||    84
